 Dungeon Crawl Stone Soup version 0.21.1-1-g345015fe64 (webtiles) character file.

3949 Naru the Cleaver (level 10, 0/63 HPs)
             Began as a Gargoyle Monk on June 15, 2018.
             Was a Priest of Elyvilon.
             Slain by a komodo dragon (13 damage)
             ... on level 8 of the Dungeon.
             The game lasted 00:27:55 (8990 turns).

Naru the Cleaver (Gargoyle Monk)                    Turns: 8990, Time: 00:27:56

Health: 0/63       AC: 30    Str: 14    XL:     10   Next: 21%
Magic:  11/12      EV: -1    Int: 13    God:    Elyvilon [***...]
Gold:   453        SH: 12    Dex: 14    Spells: 8/9 levels left

rFire    . . .     SeeInvis .   H - +0 war axe
rCold    + . .     Gourm    .   p - +2 shield
rNeg     + . .     Faith    .   n - +1 crystal plate armour
rPois    ∞         Spirit   .   E - +1 helmet
rElec    +         Reflect  +   (no cloak)
rCorr    .         Harm     .   (no gloves)
MR       .....                  (no boots)
Stlth    ..........             y - +2 amulet of reflection
HPRegen  0.20/turn              f - +2 ring of protection
MPRegen  0.13/turn              s - ring of protection from cold

@: no status effects
A: negative energy resistance 1, electricity resistance, unbreathing,
petrification resistance, rot immunity, AC +7
a: Lesser Healing, Heal Other, Purification, Divine Protection, Renounce
Religion


You were on level 8 of the Dungeon.
You worshipped Elyvilon.
Elyvilon was most pleased with you.
You were not hungry.

You visited 2 branches of the dungeon, and saw 9 of its levels.
You also visited: Sewer.

You collected 453 gold pieces.

Inventory:

Hand Weapons
 e - a +1 dagger of flaming
 H - a +0 war axe (weapon)
Missiles
 b - 82 bolts
 k - 30 tomahawks (quivered)
 m - 64 arrows
 J - 9 poisoned needles
Armour
 n - a +1 crystal plate armour (worn)
 p - a +2 shield (worn)
 E - a +1 helmet (worn)
 F - the +4 ring mail of Optimism {rF+}
   (You found it on level 6 of the Dungeon)

   It protects you from fire.
Jewellery
 f - a +2 ring of protection (left hand)
 l - an uncursed ring of fire
 r - an uncursed ring of magical power
 s - a ring of protection from cold (right hand)
 y - a +2 amulet of reflection (around neck)
Wands
 x - a wand of polymorph (23)
 z - a wand of iceblast (6)
Scrolls
 a - a scroll of amnesia
 g - 6 scrolls of enchant weapon
 q - 2 scrolls of teleportation
 t - a scroll of remove curse
 D - a scroll of enchant armour
 G - a scroll of identify
Potions
 d - 2 potions of curing
 h - 2 potions of degeneration {unknown}
 i - 2 potions of might
 j - 4 potions of flight
 o - a potion of cancellation {unknown}
 v - a potion of mutation {unknown}
 w - 2 potions of heal wounds
 A - a potion of invisibility {unknown}
 C - 4 potions of lignification {unknown}
Books
 B - a book of Misfortune

   Spells                             Type                      Level
   a - Confusing Touch                Hexes                        1
   b - Confuse                        Hexes                        3
   c - Gell's Gravitas                Translocation                3
   d - Petrify                        Transmutation/Earth          4
   e - Metabolic Englaciation         Hexes/Ice                    5
   f - Yara's Violent Unravelling     Hexes/Transmutation          5
Comestibles
 c - 12 rations


   Skills:
 * Level 7.4 Fighting
 * Level 9.7 Axes
 * Level 5.8 Armour
 + Level 2.6 Dodging
 - Level 2.1 Stealth
 + Level 3.1 Shields
 * Level 3.0 Hexes
 * Level 3.1 Invocations
 - Level 1.4 Evocations


You had 8 spell levels left.
You knew the following spells:

 Your Spells              Type           Power        Failure   Level  Hunger
a - Confusing Touch       Hex            #.....       100%        1    ##.....


Dungeon Overview and Level Annotations

Branches:
Dungeon (8/15)             Temple (1/1) D:7
   Lair: D:8-11

Altars:
Ashenzari
Cheibriados
Dithmenos
Elyvilon
Fedhas
Hepliaklqana
Kikubaaqudgha
Makhleb
Okawaru
Qazlal
Ru
Uskayaw
Wu Jian
Xom
Zin
The Shining One
Beogh

Shops:
D:4 *


Innate Abilities, Weirdness & Mutations

You are resistant to torment.
Your stone body is resilient. (AC +7)
You are immune to poison.
You resist negative energy. (rN+)
You are resistant to electric shocks. (rElec)
You can survive without breathing.
You are immune to petrification.
You are immune to rotting.


Message History

The komodo dragon is heavily wounded.
You block the komodo dragon's attack.
You are healed.
You feel somewhat more hungry. The komodo dragon bites you!
* * * LOW HITPOINT WARNING * * *
You hit the komodo dragon.
The komodo dragon is heavily wounded.
You block the komodo dragon's attack.
You slash the komodo dragon!
The komodo dragon is severely wounded.
The komodo dragon bites you but does no damage.
You slash the komodo dragon!
The komodo dragon is almost dead.
You block the komodo dragon's attack.
Your shield and crystal plate armour prevent you from hitting the komodo dragon.
The komodo dragon is almost dead.
You block the komodo dragon's attack.
You barely miss the komodo dragon.
The komodo dragon is almost dead.
The komodo dragon bites you!
You die...

...........##.#############....##
...........##........# #....#
...........#########.# #....#
############## ### ##### ######
.##.. ###.####### #
#.#.###.........##
##.###........###....##
............### ####..##
......l@##.#.# ###..
.....##.####.# ### #.. ##...†###
. ####...# ##.## ###


You could see a komodo dragon.

Vanquished Creatures
  A two-headed ogre (D:7)
  A shadow (D:7)
  2 wyverns (D:8)
  An ice beast (D:7)
  3 orc warriors
  A phantom (D:6)
  A sky beast (D:5)
  3 ogres
  A crocodile (D:8)
  Blork the orc (D:6)
  4 bullfrogs
  2 scorpions
  A wight (D:7)
  7 howler monkeys
  3 crimson imps
  A centaur zombie (D:7)
  2 bullfrog zombies
  A hound (D:8)
  6 orc priests
  9 orc wizards
  Jessica (D:3)
  3 iguanas
  4 worker ants
  A hound zombie (D:8)
  A hound skeleton (D:6)
  A worker ant zombie (D:8)
  3 gnolls (D:5)
  10 adders
  A river rat (D:3)
  3 shadow imps
  An ooze (D:3)
  An adder zombie (D:6)
  6 worms
  4 dart slugs
  7 leopard geckos
  53 orcs
  4 ball pythons (Sewer)
  11 giant cockroaches
  8 goblins
  5 hobgoblins
  7 jackals
  2 quokkas
  8 bats
  12 frilled lizards
  6 kobolds
  8 rats
222 creatures vanquished.

Notes
Turn   | Place    | Note
-------+----------+-------------------------------------------
     0 | D:1      | Naru the Gargoyle Monk began the quest for the Orb.
     0 | D:1      | Reached XP level 1. HP: 14/14 MP: 1/1
   164 | D:1      | Reached XP level 2. HP: 18/19 MP: 2/2
   187 | D:1      | Reached skill level 3 in Axes
   406 | D:1      | Reached XP level 3. HP: 24/24 MP: 3/3
  1527 | D:2      | Reached XP level 4. HP: 22/29 MP: 4/4
  1755 | D:3      | Found a stormy altar of Qazlal.
  1796 | D:3      | Found a glowing drain.
  1798 | D:3      | Noticed Jessica
  1812 | D:3      | Killed Jessica
  1812 | D:3      | Reached skill level 4 in Axes
  1820 | D:3      | Reached XP level 5. HP: 24/33 MP: 5/5
  1865 | Sewer    | Entered a sewer
  2215 | Sewer    | Reached skill level 1 in Armour
  2349 | Sewer    | Reached skill level 5 in Axes
  2349 | Sewer    | Reached XP level 6. HP: 21/39 MP: 6/6
  3278 | D:4      | Reached skill level 5 in Fighting
  3512 | D:4      | Reached XP level 7. HP: 41/44 MP: 5/7
  3524 | D:4      | Paralysed by a crimson imp for 5 turns
  3663 | D:4      | Found Zacrymmoe's General Store.
  3742 | D:4      | Found a shimmering altar of Xom.
  3743 | D:4      | Found a burning altar of Makhleb.
  4063 | D:5      | Entered Level 5 of the Dungeon
  4207 | D:5      | Reached skill level 6 in Axes
  4551 | D:5      | Got a steaming lead amulet
  4694 | D:4      | Paralysed by a crimson imp for 2 turns
  4736 | D:5      | Reached XP level 8. HP: 36/51 MP: 8/8
  4836 | D:5      | Learned a level 1 spell: Confusing Touch
  4904 | D:5      | Reached skill level 7 in Axes
  4925 | D:5      | Got a brightly glowing rapier
  5003 | D:5      | Identified the +1 rapier "Ruufaj" {drain, rPois Str+5 Dex-4 Stlth+} (You found it on level 5 of the Dungeon)
  5006 | D:5      | Identified the amulet of Zalo {Inacc Stlth+} (You found it on level 5 of the Dungeon)
  5228 | D:6      | Noticed Blork the orc
  5232 | D:6      | Killed Blork the orc
  5239 | D:6      | Found a glowing golden altar of the Shining One.
  5314 | D:6      | Found a glowing silver altar of Zin.
  5390 | D:6      | Got a faintly glowing ring mail
  5407 | D:6      | Identified the +4 ring mail of Optimism {rF+} (You found it on level 6 of the Dungeon)
  5902 | D:6      | Reached skill level 1 in Evocations
  6076 | D:7      | Found a staircase to the Ecumenical Temple.
  6128 | D:7      | Reached skill level 1 in Hexes
  6130 | D:7      | Reached skill level 8 in Axes
  6148 | Temple   | Entered the Ecumenical Temple
  6452 | Temple   | Became a worshipper of Elyvilon the Healer
  6452 | Temple   | Reached * piety under Elyvilon
  6452 | Temple   | Reached ** piety under Elyvilon
  6515 | D:7      | Found a hide-covered altar of Uskayaw.
  6694 | D:7      | Reached XP level 9. HP: 56/56 MP: 10/10
  7481 | D:7      | Reached skill level 1 in Invocations
  7487 | D:7      | Found a blossoming altar of Fedhas.
  7553 | D:8      | Reached *** piety under Elyvilon
  7553 | D:8      | Noticed a two-headed ogre
  7710 | D:7      | Reached skill level 1 in Shields
  7873 | D:7      | Killed a two-headed ogre
  7873 | D:7      | Reached skill level 5 in Armour
  7940 | D:8      | Reached skill level 9 in Axes
  8528 | D:8      | Reached XP level 10. HP: 61/63 MP: 10/12
  8840 | D:8      | Found a roughly hewn altar of Beogh.
  8990 | D:8      | Slain by a komodo dragon

Skill      XL: |  1  2  3  4  5  6  7  8  9 10 |
---------------+-------------------------------+-----
Axes           | 3 4 5 6 8 9 |  9.7
Fighting       | 4 5 6 7 |  7.4
Armour         | 1 2 3 4 5 |  5.8
Evocations     | 1 |  1.4
Hexes          | 1 2 3 |  3.0
Invocations    | 2 3 |  3.1
Shields        | 2 3 |  3.1
Dodging        | |  2.6
Stealth        | |  2.1

Action                   |  1- 3 |  4- 6 |  7- 9 | 10-12 || total
-------------------------+-------+-------+-------+-------++-------
Melee: Hand axe          |   156 |   294 |   594 |       ||  1044
       War axe           |       |       |   312 |   156 ||   468
Invok: Lesser Healing    |       |       |       |     2 ||     2
Evoke: Wand              |       |       |     2 |       ||     2
  Use: Scroll            |       |     5 |    12 |     2 ||    19
       Potion            |       |       |     3 |       ||     3
 Stab: Sleeping          |     7 |       |       |       ||     7
  Eat: Ration            |     1 |     2 |     4 |     1 ||     8
       Chunk             |     1 |       |     2 |     1 ||     4
Armor: Robe              |    14 |       |       |       ||    14
       Ring mail         |    26 |       |       |       ||    26
       Crystal plate arm |    59 |   327 |   792 |    91 ||  1269
Dodge: Dodged            |    54 |     8 |    25 |     4 ||    91
Block: Other             |       |       |    14 |       ||    14
       Shield            |       |       |   194 |    80 ||   274
       Reflection        |       |       |     3 |     2 ||     5
